[Event "*** MasterClass Titled Tuesday Blitz"]
[Site "Chess.com"]
[Date "2017.07.04"]
[Round "5"]
[White "Winehouse83"]
[Black "grobesk"]
[Result "1-0"]
[WhiteElo "2299"]
[BlackElo "2218"]
[TimeControl "180+2"]
[EndTime "14:05:50 PDT"]
[Termination "Winehouse83 won on time"]

1. d4 Nf6 2. c4 Nc6 3. a3 e5 4. d5 Ne7 5. Nc3 Ng6 6. e4 a6 7. Be3 d6 8. f3 Be7 9. Qd2 h6 10. g4 Nh7 11. Nge2 Bg5 12. Ng3 Nh4 13. Be2 Bxe3 14. Qxe3 Qg5 15. Kd2 Bd7 16. Rhg1 Nf8 17. Nf5 Qxe3+ 18. Kxe3 Nxf5+ 19. exf5 Nh7 20. h4 g5 21.
hxg5 Nxg5 22. Rh1 Kf8 23. Rh4 Kg7 24. Rah1 f6 25. Ne4 Nxe4 26. Kxe4 c5 27. b4 b5 28. bxc5 dxc5 29. Rb1 Rab8 30. Rh2 Rb6 31. Bd3 Rhb8 32. Rc2 b4 33. axb4 Rxb4 34. Rxb4 Rxb4 35. Ra2 1-0

[Event "*** MasterClass Titled Tuesday Blitz"]
[Site "Chess.com"]
[Date "2017.07.04"]
[Round "5"]
[White "Fandorine"]
[Black "IljaZaragatski"]
[Result "1-0"]
[WhiteElo "2669"]
[BlackElo "2424"]
[TimeControl "180+2"]
[EndTime "14:06:02 PDT"]
[Termination "Fandorine won on time"]

1. e4 e6 2. d3 d5 3. Nd2 Nf6 4. Ngf3 Nc6 5. g3 dxe4 6. dxe4 Bc5 7. Bg2 O-O 8. O-O e5 9. c3 a5 10. Qa4 Qe7 11. Qb5 Bd7 12. Qe2 a4 13. Nc4 Rfd8 14.
Ne3 Be6 15. Ng5 Nd7 16. Nd5 Qd6 17. Rd1 Bxd5 18. exd5 Ne7 19. Ne4 Qa6 20. Qc2 Ba7 21.
Bg5 f6 22. d6 cxd6 23. Rxd6 Nc6 24. Rad1 Nf8 25. Bf1 1-0

[Event "*** MasterClass Titled Tuesday Blitz"]
[Site "Chess.com"]
[Date "2017.07.04"]
[Round "5"]
[White "tigra"]
[Black "gena217"]
[Result "0-1"]
[WhiteElo "2625"]
[BlackElo "2556"]
[TimeControl "180+2"]
[EndTime "14:06:07 PDT"]
[Termination "gena217 won on time"]

1. e4 c5 2. Nf3 d6 3. d4 cxd4 4. Nxd4 Nf6 5. Nc3 a6 6. Bg5 e6 7. Qd2 h6 8. Bh4 Nxe4 9. Nxe4 Qxh4 10. Qd3 d5 11. Nc3 Nc6 12. Nf3 Qd8 13. g3 Be7 14. Bg2 O-O 15. h4 Qb6 16. Rb1 Rd8 17. a3 d4 18. Na2 e5 19. Nd2 Be6 20. Nc4 Qc5 21. b3 Rac8 22. O-O b5 23. Nd2 f5 24. b4 Qd6 25. Nc1 e4 26. Qe2 Ne5 27. Rd1 Rxc2 28. Nxe4 d3 29. Nxd3 Qxd3 30. Rxd3 Rxe2 31. Rxd8+ Bxd8 32. Nc5 Bc4 33. Rd1 Bf6 34. Bf1 Ra2 35. Nxa6 Rxa3 36.
Nc7 Nf3+ 37. Kg2 Nd4 38. Rc1 Bxf1+ 39. Kxf1 f4 40. gxf4 Rh3 41. Kg2 Rxh4 42. Nd5 Rg4+ 43. Kh3 Rh4+ 44. Kg3 Ne2+ 45. Kf3 Nxc1 0-1

[Event "*** MasterClass Titled Tuesday Blitz"]
[Site "Chess.com"]
[Date "2017.07.04"]
[Round "5"]
[White "wonderfultime"]
[Black "Divertissement"]
[Result "1-0"]
[WhiteElo "2663"]
[BlackElo "2421"]
[TimeControl "180+2"]
[EndTime "14:06:18 PDT"]
[Termination "wonderfultime won by resignation"]

1. d4 d5 2. c4 e6 3. Nf3 a6 4. e3 Nf6 5. Nc3 Be7 6. b3 O-O 7. Be2 b6 8. O-O Bb7 9. Bb2 Nbd7 10. Rc1 c5 11. Qc2 cxd4 12. Nxd4 Rc8 13. Qb1 dxc4 14.
Bxc4 b5 15. Be2 Qb6 16. Rfd1 Rfd8 17. Bf3 Ne5 18. Bxb7 Qxb7 19. h3 Ng6 20. Nf3 h6 21. Ne2 Rxc1 22. Qxc1 Rxd1+ 23. Qxd1 Nd5 24. Ned4 Bf6 25.
Qc2 Qc7 26. Qd2 Ne5 27. Ne1 Nc6 28. Nec2 Nxd4 29. Nxd4 Qc5 30. g3 h5 31. h4 Ne7 32.
Qe2 g6 33. Nxe6 Qf5 34. Nd4 Qb1+ 35. Kg2 Nf5 36. Nxf5 Bxb2 37. Nd6 Qxa2 38. Qd3 Be5 39. Ne4 Kg7 40. Qd5 Qb2 41. Ng5 Kh6 42. Nxf7+ 1-0

[Event "*** MasterClass Titled Tuesday Blitz"]
[Site "Chess.com"]
[Date "2017.07.04"]
[Round "5"]
[White "ChessQueen"]
[Black "ehrenfeld"]
[Result "1-0"]
[WhiteElo "2533"]
[BlackElo "2404"]
[TimeControl "180+2"]
[EndTime "14:06:19 PDT"]
[Termination "ChessQueen won by resignation"]

1. e4 d6 2. d4 g6 3. Nc3 Nf6 4. Be3 Bg7 5. Qd2 Ng4 6. Bg5 h6 7. Bh4 Nc6 8. Nf3 g5 9. Bg3 e5 10. Bb5 exd4 11. Nxd4 Ne5 12. Bxe5 Bxe5 13. Nxc6 bxc6 14.
Bxc6+ Bd7 15. Bxa8 Qxa8 16. O-O O-O 17. h4 Qd8 18.
Rab1 Kg7 19. Nd5 c6 20. Ne3 Qf6 21. Nc4 Bf4 22. Qc3 Qxc3 23. bxc3 Be6 24. Rb4 gxh4 25. Rd1 d5 26. exd5 cxd5 27. Ne3 Bxe3 28. fxe3 Rc8 29.
Rd3 h3 30. gxh3 Kf6 31. Kh2 Ke5 32. Rb5 Rc4 33. Rb4 Rc5 34. Rb3 Bf5 35. Rd2 Be4 36. Kg3 Rc6 37. Ra3 a6 38. c4 Rg6+ 39. Kh2 dxc4 40.
Ra5+ Kf6 41. Rd6+ Kg7 42. Rxg6+ fxg6 43. c3 Bd3 44. Rxa6 1-0

[Event "*** MasterClass Titled Tuesday Blitz"]
[Site "Chess.com"]
[Date "2017.07.04"]
[Round "5"]
[White "latigre"]
[Black "platy3"]
[Result "0-1"]
[WhiteElo "1767"]
[BlackElo "2610"]
[TimeControl "180+2"]
[EndTime "14:06:21 PDT"]
[Termination "platy3 won on time"]

1. e4 e5 2. Nf3 Nc6 3. Bb5 Nf6 4. Nc3 Bb4 5. Bxc6 dxc6 6. Qe2 O-O 7. a3 Bxc3 8. dxc3 Re8 9. Bg5 h6 10. Bh4 Qe7 11.
O-O-O a5 12. h3 Qe6 13. Kb1 Nd7 14. g4 Nc5 15. g5 h5 16. Bg3 Qg6 17. Rde1 Nd7 18.
Qe3 b6 19. Nh4 Qe6 20. Nf5 Nf8 21. Qe2 Qg6 22. Qf3 c5 23. Nh4 Qh7 24. Nf5 Bb7 25. Rd1 Bc6 26. Rhe1 Re6 27. h4 Rae8 28. Rd2 Ng6 29.
Red1 Ne7 30. Rd8 Nxf5 31. Rxe8+ Rxe8 32. Qxf5 Bxe4 33. Qd7 Bxc2+ 34. Ka2 Rf8 35. Rd2 a4 36. Bxe5 Bb3+ 37. Ka1 Qe4 0-1

[Event "*** MasterClass Titled Tuesday Blitz"]
[Site "Chess.com"]
[Date "2017.07.04"]
[Round "5"]
[White "1e41-0"]
[Black "CraiggoryC"]
[Result "1-0"]
[WhiteElo "2306"]
[BlackElo "2062"]
[TimeControl "180+2"]
[EndTime "14:06:29 PDT"]
[Termination "1e41-0 won on time"]

1. d4 Nf6 2. c4 c6 3. Nf3 d5 4. Qb3 e6 5. Bg5 dxc4 6. Qxc4 b5 7.
Qc2 Bb7 8. e3 Nbd7 9. Bd3 a6 10.
a4 h6 11. Bxf6 Nxf6 12. Ne5 Rc8 13. Bg6 Bb4+ 14. Nc3 O-O 15. Nxf7 Rxf7 16. Bxf7+ Kxf7 17. O-O c5 18. axb5 cxd4 19. Rfd1 Bxc3 20. bxc3 Qd5 21.
e4 Qxe4 22. Qxe4 Bxe4 23. f3 Bc2 24. Rdc1 d3 25. bxa6 Nd5 26. a7 Ra8 27. Kf2 Nxc3 28. Ke3 Nd5+ 29. Kd2 Nb4 30. Ra3 Nc6 31. Rca1 Ke7 32.
Rc3 Kd7 33. Rca3 Kc7 34. Re1 Rxa7 35. Rxa7+ Nxa7 36. Rxe6 Nc6 37. Rg6 Kb6 38. Rxg7 Nd4 39. Rg6+ Kc5 40. Rxh6 Kc4 41. Rh4 Kd5 42. Rh8 1-0

[Event "*** MasterClass Titled Tuesday Blitz"]
[Site "Chess.com"]
[Date "2017.07.04"]
[Round "5"]
[White "Gabrielian_Artur"]
[Black "rasmussvane"]
[Result "1/2-1/2"]
[WhiteElo "2548"]
[BlackElo "2524"]
[TimeControl "180+2"]
[EndTime "14:06:36 PDT"]
[Termination "Game drawn by repetition"]

1. e4 c6 2. d3 d5 3. Nd2 e5 4.
Ngf3 Bd6 5. d4 exd4 6. Bd3 c5 7.
exd5 Nf6 8. O-O O-O 9. Nc4 Nxd5 10. c3 Nc6 11. cxd4 cxd4 12. Be4 Be6 13. Nxd6 Qxd6 14. Nxd4 Nxd4 15. Qxd4 Rfd8 16. Rd1 Qe7 17. Qe5 Nb6 18. Bf4 Nc4 19. Qh5 g6 20. Qe2 Bf5 21. Qxc4 Qxe4 22. Qxe4 Bxe4 23. f3 Bc6 24. Kf2 f6 25. a3 Kf7 26. h4 Ke7 27. Be3 a6 28. g4 Kf7 29.
Bb6 Rxd1 30. Rxd1 Re8 31. Rd2 Re5 32. Bd4 Rd5 33. Ke3 Rd7 34. g5 fxg5 35. hxg5 Ke6 36. f4 Kf5 37. Be5 Rxd2 38. Kxd2 Ke4 39. Kc3 Kd5 40.
Kd3 Bb5+ 41. Kc3 Bc6 42. Kd3 Bb5+ 43. Kc3 Bc6 1/2-1/2

[Event "*** MasterClass Titled Tuesday Blitz"]
[Site "Chess.com"]
[Date "2017.07.04"]
[Round "5"]
[White "merillium"]
[Black "Me_ch_an"]
[Result "1-0"]
[WhiteElo "2337"]
[BlackElo "2250"]
[TimeControl "180+2"]
[EndTime "14:06:40 PDT"]
[Termination "merillium won by resignation"]

1. c4 e5 2. g3 Nc6 3. Bg2 d6 4. Nc3 g6 5. Rb1 Bg7 6. b4 Nge7 7. b5 Nd4 8. e3 Ne6 9. Nge2 O-O 10. O-O f5 11. d3 g5 12. f4 exf4 13. gxf4 g4 14. Bb2 Ng6 15. Ng3 Nh4 16. Bh1 Qe8 17. Qe2 Kh8 18.
Nd5 Qf7 19. Bxg7+ Nxg7 20. Qb2 Be6 21. Rbe1 c6 22. Nc3 Rac8 23. a4 cxb5 24. Nxb5 Rfd8 25. Nxa7 Rc7 26. Nb5 Rcd7 27. Qd4 d5 28. c5 Kg8 29.
Nd6 Qg6 30. Rb1 Nh5 31. Rxb7 Nxg3 32. hxg3 Nf3+ 33. Bxf3 gxf3 34. Rxf3 Qg4 35. Kg2 Rxb7 36. Nxb7 Rc8 37. Qe5 Qg6 38. Rf2 Re8 39. Nd6 Rb8 40. c6 Rb1 41. c7 Qh6 42. Qxe6+ Qxe6 43. c8=Q+ Qxc8 44. Nxc8 Rd1 45. Ne7+ Kf7 46. Nxf5 Rxd3 47. Ra2 Kf6 48. g4 h5 49. Ng3 hxg4 50. a5 Rb3 51. a6 Rb8 52. a7 Ra8 53. Ne2 Kf5 54. Nc3 d4 55. exd4 Kxf4 56. Nb5 Ke4 57. Nc7 Rxa7 58.
Rxa7 Kxd4 59. Kg3 1-0

[Event "*** MasterClass Titled Tuesday Blitz"]
[Site "Chess.com"]
[Date "2017.07.04"]
[Round "5"]
[White "micfel"]
[Black "peteseeger"]
[Result "1/2-1/2"]
[WhiteElo "2172"]
[BlackElo "2146"]
[TimeControl "180+2"]
[EndTime "14:06:41 PDT"]
[Termination "Game drawn - insufficient material"]

1. e4 g6 2. d4 Bg7 3. Nc3 c6 4. Nf3 d6 5. Bc4 b5 6. Bb3 a5 7.
a4 b4 8. Ne2 Ba6 9. O-O Nf6 10.
e5 dxe5 11. Nxe5 O-O 12. Re1 c5 13. Be3 Nbd7 14. Nc6 Qe8 15. dxc5 Ng4 16. Bg5 Nxc5 17. Nxe7+ Kh8 18. Ng3 Qd7 19. Qxd7 Nxd7 20. h3 Nge5 21. Bd5 Rae8 22. f4 Nc4 23. Nc6 Bxb2 24. Rab1 Bc3 25.
Rxe8 Rxe8 26. Bxf7 Rf8 27. Bxc4 Bxc4 28. Nxa5 Ba6 29. Nc6 Nc5 30. Nxb4 Rb8 31. Be7 Rxb4 32. Rxb4 Bxb4 33. Ne4 Nxe4 34. Bxb4 Kg7 35. g4 Kf7 36.
Kg2 Ke6 37. Kf3 Kd5 38. Ke3 Nd6 39. Bxd6 Kxd6 40. h4 Kd5 41. a5 Bc8 42. Kf3 Kd4 43.
f5 gxf5 44. gxf5 Bxf5 45. a6 Bxc2 46. a7 Be4+ 47. Kf4 Kd3 48. Kg5 Ke3 49. Kh6 Kf4 50.
a8=Q Bxa8 51. Kxh7 Kg4 52. h5 Kxh5 1/2-1/2

[Event "*** MasterClass Titled Tuesday Blitz"]
[Site "Chess.com"]
[Date "2017.07.04"]
[Round "5"]
[White "Blitzstream"]
[Black "ChessNinja48"]
[Result "1-0"]
[WhiteElo "2451"]
[BlackElo "2291"]
[TimeControl "180+2"]
[EndTime "14:06:48 PDT"]
[Termination "Blitzstream won by resignation"]

1. d4 Nf6 2. Bg5 e6 3. Nd2 d5 4. c3 Be7 5. h4 h6 6. Bf4 c5 7. Ngf3 Nc6 8. Nb3 b6 9. e3 Bd7 10. h5 a5 11. Be2 a4 12. Nc1 Na5 13. Nd3 Bb5 14. Nfe5 Ne4 15. f3 Bh4+ 16. Kf1 Ng3+ 17. Bxg3 Bxg3 18. f4 Bh4 19. g4 Be7 20. Kg2 Nc4 21.
Nxc4 Bxc4 22. b3 Bb5 23. Ne5 Bxe2 24. Qxe2 O-O 25. Kf3 Bd6 26. Rhg1 Bxe5 27. dxe5 f6 28. exf6 Qxf6 29. g5 hxg5 30. Rxg5 Qxg5 31. Qh2 Qf6 32. Rg1 Kf7 33. Rg6 Qxc3 34. Qh3 Rfe8 35. Qg4 axb3 36. h6 gxh6 37. Rxh6 Qg7 38. Qh5+ Ke7 39. Rh7 Rg8 40. axb3 Raf8 41. Rxg7+ Rxg7 42. Qe5 Rh7 1-0

[Event "*** MasterClass Titled Tuesday Blitz"]
[Site "Chess.com"]
[Date "2017.07.04"]
[Round "5"]
[White "kleinebeer98"]
[Black "stalyansky"]
[Result "1-0"]
[WhiteElo "2430"]
[BlackElo "2240"]
[TimeControl "180+2"]
[EndTime "14:06:51 PDT"]
[Termination "kleinebeer98 won by resignation"]

1. e4 e5 2. Nf3 Nc6 3. Nc3 Nf6 4. h3 d5 5. exd5 Nxd5 6. Bb5 Nxc3 7. bxc3 Bd6 8. O-O O-O 9. Re1 Qf6 10. d4 exd4 11.
cxd4 Bf5 12. c3 h6 13. Bd3 Ne7 14. Rb1 b6 15. a4 c5 16. Be3 Rad8 17. a5 bxa5 18. Rb7 Nd5 19. Qc2 Bxd3 20. Qxd3 Rfe8 21. Rxa7 Nf4 22. Qd1 cxd4 23. cxd4 Bb4 24. Rf1 Nd5 25. Ne5 Qb6 26. Rd7 Rxd7 27. Nxd7 Qa7 28. Qg4 Nxe3 29. fxe3 Rxe3 30. Nf6+ Kf8 31. Qc8+ Ke7 32. Qe8+ Kd6 33. Qxe3 gxf6 34. Rxf6+ Kd5 35. Qf3+ Kc4 36. Qe2+ Kb3 37. Rf3+ Ka4 38. Qc2+ Kb5 39. Rf5+ Kb6 40. Rf6+ 1-0

[Event "*** MasterClass Titled Tuesday Blitz"]
[Site "Chess.com"]
[Date "2017.07.04"]
[Round "5"]
[White "escher"]
[Black "kharov2001"]
[Result "1-0"]
[WhiteElo "2041"]
[BlackElo "2042"]
[TimeControl "180+2"]
[EndTime "14:06:54 PDT"]
[Termination "escher won by checkmate"]

1. e4 e5 2. Nf3 Nc6 3. d4 exd4 4.
Nxd4 Nf6 5. Nxc6 bxc6 6. e5 Qe7 7. Qe2 Nd5 8. c4 Nb6 9. Nc3 g6 10. f4 Bg7 11. g3 O-O 12. Bg2 Qe6 13. b3 a5 14. O-O a4 15. Bb2 f6 16. exf6 Qxf6 17. Nxa4 Qf7 18. Bxg7 Qxg7 19. Nc5 d5 20. cxd5 cxd5 21.
Rad1 c6 22. a4 Bf5 23. Rfe1 Qc3 24. Rc1 Qd4+ 25. Kh1 Rad8 26. Ne6 Bxe6 27. Qxe6+ Kg7 28. Qe7+ Kg8 29. Rxc6 Qf2 30. Qe6+ Rf7 31. Rxb6 d4 32. Rb7 Rf8 33. Bd5 d3 34. Rxf7 d2 35. Rxf8+ Kg7 36. Qf6+ Kh6 37. Qh4+ Kg7 38. Rf7+ Kg8 39. Re8# 1-0

[Event "*** MasterClass Titled Tuesday Blitz"]
[Site "Chess.com"]
[Date "2017.07.04"]
[Round "5"]
[White "Bad4life"]
[Black "AndrewDGreen"]
[Result "1-0"]
[WhiteElo "2275"]
[BlackElo "2170"]
[TimeControl "180+2"]
[EndTime "14:07:01 PDT"]
[Termination "Bad4life won by checkmate"]

1. e4 Nf6 2. e5 Nd5 3. d4 d6 4. Nf3 dxe5 5. Nxe5 c6 6. Be2 Bf5 7. O-O Nd7 8. Nf3 e6 9. a3 Bd6 10. c4 Nf4 11. Nc3 O-O 12. Re1 Nxe2+ 13. Qxe2 Re8 14. b4 e5 15. Bg5 Qc7 16. c5 Bf8 17. dxe5 Bg4 18. Bf4 Bxf3 19. Qxf3 Nxe5 20. Qg3 f6 21. Ne4 Qf7 22. Rad1 Rad8 23. Bxe5 Rxd1 24. Rxd1 Rxe5 25.
f3 Rd5 26. Re1 b6 27. Rc1 bxc5 28. bxc5 Kh8 29. Qb8 h6 30. Nd6 Qg8 31. Qc7 Bxd6 32. cxd6 Qe6 33. Qxc6 Qe3+ 34. Kh1 Qd4 35. Qc8+ Kh7 36.
Qc2+ Kh8 37. Re1 f5 38. Qc8+ Kh7 39. h3 Rxd6 40. Qxf5+ Kg8 41. Re8# 1-0

[Event "*** MasterClass Titled Tuesday Blitz"]
[Site "Chess.com"]
[Date "2017.07.04"]
[Round "5"]
[White "improve_every_day"]
[Black "TeukkaSalama"]
[Result "0-1"]
[WhiteElo "1960"]
[BlackElo "2078"]
[TimeControl "180+2"]
[EndTime "14:07:11 PDT"]
[Termination "TeukkaSalama won by checkmate"]

1. e4 c5 2. Nf3 Nf6 3. e5 Nd5 4.
Nc3 e6 5. Nxd5 exd5 6. d4 Nc6 7. Bb5 Qa5+ 8. Bd2 Qxb5 9. a4 Qb6 10. a5 Qc7 11. c4 dxc4 12. d5 Nd4 13. O-O d6 14.
exd6 Bxd6 15. Re1+ Kf8 16. Nxd4 cxd4 17. Qa4 Bd7 18.
Qc2 Bxh2+ 19. Kh1 Bd6 20. Qe4 c3 21. bxc3 dxc3 22. Rec1 Re8 23. Qd4 Be5 24. Qb4+ Qd6 25. Bxc3 Qxb4 26. Bxb4+ Kg8 27. Rab1 h6 28. Bc5 b6 29.
axb6 axb6 30. Rxb6 Kh7 31. Rb7 Bf4 32. Ra1 Rc8 33.
Rxd7 Rxc5 34. Rxf7 Be5 35. Re1 Bf6 36. d6 Rd5 37. d7 Rd8 38. Re8 R8xd7 39. Rff8 Rd1+ 40. Kh2 R7d5 41. g3 Kg6 42. Kg2 Rf5 43. f4 Rfd5 44. Kf3 R5d3+ 45. Kg4 h5+ 46. Kh3 h4 47. Kg4 Rxg3# 0-1

[Event "*** MasterClass Titled Tuesday Blitz"]
[Site "Chess.com"]
[Date "2017.07.04"]
[Round "5"]
[White "Muisback26"]
[Black "cstefan"]
[Result "0-1"]
[WhiteElo "2594"]
[BlackElo "2338"]
[TimeControl "180+2"]
[EndTime "14:07:12 PDT"]
[Termination "cstefan won on time"]

1. e4 d5 2. exd5 Qxd5 3. Nc3 Qd6 4. d4 Nf6 5. Nf3 c6 6. h3 Bf5 7. Bc4 h6 8. Qe2 Nbd7 9. g3 e6 10. Bf4 Qb4 11. Bb3 Be7 12. O-O-O Nd5 13. Bd2 Nxc3 14. Bxc3 Qd6 15. Ne5 a5 16. a3 O-O 17. f4 b5 18. g4 Bh7 19. a4 Nb6 20. g5 hxg5 21. fxg5 Bxg5+ 22. Kb1 bxa4 23. Ba2 Nd5 24. Bxd5 cxd5 25.
Rhg1 f6 26. h4 Bh6 27. Qh5 Be3 28. Rg3 Bf2 29. Rg2 fxe5 30. dxe5 Qb6 31. Qg5 Ra7 32. h5 Bxc2+ 33. Kxc2 Qb3+ 34. Kc1 d4 35. Rxf2 Rxf2 36. Qg6 dxc3 37. Rd8+ Rf8 0-1

[Event "*** MasterClass Titled Tuesday Blitz"]
[Site "Chess.com"]
[Date "2017.07.04"]
[Round "5"]
[White "dalmatinac101"]
[Black "Hikaru"]
[Result "1-0"]
[WhiteElo "2643"]
[BlackElo "2959"]
[TimeControl "180+2"]
[EndTime "14:07:15 PDT"]
[Termination "dalmatinac101 won by resignation"]

1. e4 c5 2. Nf3 d6 3. d4 cxd4 4. Nxd4 Nf6 5. Nc3 a6 6. h3 g6 7. g4 Bg7 8. Be3 O-O 9. Qd2 Nc6 10. O-O-O Be6 11. Kb1 Rc8 12. Nxe6 fxe6 13. Bc4 Qd7 14. Bb3 b5 15. g5 Nh5 16. f4 Bxc3 17. bxc3 Ng3 18.
Qg2 Nxh1 19. f5 gxf5 20. g6 f4 21. Qg4 Rf6 22. gxh7+ Kh8 23. Rg1 Ng3 24. Bxf4 Qe8 25. Qxg3 Qf7 26. e5 Rxf4 27. Bxe6 Rf1+ 28. Rxf1 Qxf1+ 29. Kb2 Qf8 30. Bxc8 Qxc8 31. exd6 exd6 32. Qxd6 Kxh7 33. h4 Na5 34. Qe7+ Kg6 35. Qe4+ Kf7 36. Qf4+ Ke8 37. Qe5+ Kf7 38. Qf4+ Ke7 39. Qb4+ Kf6 40. Qxa5 Kg6 41. Qb6+ Kh5 42. Qd4 Qc7 43. Qf6 Kg4 44. Qg5+ Kf3 45. h5 b4 46. cxb4 Qc4 47. Qc5 Qe6 48.
a4 Kg4 49. b5 Qf6+ 50. Kb3 Qf3+ 51. Qc3 Qd1 52. bxa6 Qb1+ 53. Ka3 Qb6 1-0

[Event "*** MasterClass Titled Tuesday Blitz"]
[Site "Chess.com"]
[Date "2017.07.04"]
[Round "5"]
[White "Noukii"]
[Black "Fy_Rakotomaharo"]
[Result "1/2-1/2"]
[WhiteElo "2582"]
[BlackElo "2372"]
[TimeControl "180+2"]
[EndTime "14:07:16 PDT"]
[Termination "Game drawn by repetition"]

1. d4 Nf6 2. Nf3 g6 3. Bg5 Bg7 4. c3 O-O 5. Nbd2 d5 6. e3 c5 7.
Be2 Nc6 8. O-O h6 9. Bh4 Nd7 10. c4 dxc4 11. d5 Nce5 12. Nxe5 Nxe5 13. Nxc4 Nxc4 14.
Bxc4 Bxb2 15. Rb1 Bg7 16. e4 Qd6 17. f4 Bd4+ 18. Kh1 e5 19. f5 g5 20. Bg3 f6 21. Qh5 Rf7 22. Qxh6 b6 23. Rb3 Bb7 24. a4 Rh7 25. Qg6+ Rg7 26. Qh5 Rh7 27. Qg4 Rb8 28. Rfb1 Kf7 29. a5 Bc8 30. axb6 Rxb6 31. Qd1 Bd7 32. Rxb6 axb6 33. Qb3 Rh8 34. Qxb6 Qxb6 35.
d6+ Kg7 36. Rxb6 Ra8 37. h4 Ra1+ 38. Kh2 g4 39. Rb7 Bg1+ 40. Kh1 Bf2+ 41. Kh2 Bg1+ 42. Kh1 Bf2+ 43. Kh2 Bg1+ 44. Kh1 Bf2+ 45. Kh2 Bg1+ 46. Kh1 1/2-1/2

[Event "*** MasterClass Titled Tuesday Blitz"]
[Site "Chess.com"]
[Date "2017.07.04"]
[Round "5"]
[White "Popopuiyt"]
[Black "charlescandycampbell"]
[Result "1-0"]
[WhiteElo "2237"]
[BlackElo "2120"]
[TimeControl "180+2"]
[EndTime "14:07:19 PDT"]
[Termination "Popopuiyt won by checkmate"]

1. d4 Nf6 2. c4 e6 3. Nc3 Bb4 4. e3 O-O 5. Bd3 b6 6. Ne2 Bb7 7. a3 Bxc3+ 8. Nxc3 d6 9. O-O Nbd7 10. b4 Qe7 11.
Qc2 e5 12. d5 Rfe8 13. Bb2 c6 14. dxc6 Bxc6 15. Rfd1 Rac8 16. Bf1 Red8 17. Rd2 Nf8 18. Rad1 Ne6 19. Qb1 a6 20. Nd5 Bxd5 21. cxd5 Nc7 22. e4 a5 23. Rc1 Nd7 24. Rdc2 Nb8 25. bxa5 bxa5 26. Bc3 Nca6 27. Bxa5 Rxc2 28. Qxc2 Re8 29. Bb5 Rf8 30. Bb4 Rd8 31. Bc6 Qc7 32. Qc3 Nxb4 33.
axb4 Qb6 34. b5 Rc8 35. Ra1 Nd7 36. Bxd7 Rd8 37. Bc6 h6 38. Ra6 Qc7 39. b6 Qe7 40. b7 Qh4 41. Ra8 Qxe4 42. Rxd8+ Kh7 43. b8=Q Qe2 44. Rh8+ Kg6 45. Qg3+ Kf6 46. Qd8+ Kf5 47. Bd7+ Ke4 48. Qdh4+ Kxd5 49. Qb3+ Kc5 50. Rc8# 1-0

[Event "*** MasterClass Titled Tuesday Blitz"]
[Site "Chess.com"]
[Date "2017.07.04"]
[Round "5"]
[White "Adham_Fawzy"]
[Black "DrVelja"]
[Result "1-0"]
[WhiteElo "2424"]
[BlackElo "2559"]
[TimeControl "180+2"]
[EndTime "14:07:22 PDT"]
[Termination "Adham_Fawzy won by resignation"]

1. e4 c5 2. Nf3 Nc6 3. Bb5 g6 4. Bxc6 dxc6 5. d3 Bg7 6. h3 Nf6 7. O-O O-O 8. Nc3 Nd7 9. Be3 e5 10. Nd2 b6 11. a4 a5 12. Nc4 Ba6 13. b3 f5 14. f3 f4 15. Bf2 Qe7 16. Nb1 g5 17. Nbd2 h5 18. c3 Rab8 19. Re1 Bc8 20. Rb1 g4 21. fxg4 hxg4 22. Qxg4 Nf6 23. Qh4 b5 24. Nxa5 Bd7 25. b4 cxb4 26. cxb4 Qe6 27.
axb5 Rxb5 28. Nac4 Nh7 29. Bc5 Rf6 30. Nf3 Rg6 31.
Qd8+ Nf8 32. Ncxe5 Rxg2+ 33. Kxg2 Qxh3+ 34. Kf2 Qg3+ 35. Ke2 Rxc5 36. bxc5 Qg2+ 37. Kd1 Bg4 38. Nxg4 Qxf3+ 39. Kc2 Qxg4 40. Rg1 Qe2+ 41. Kb3 f3 42. Qd4 Ne6 43.
Rxg7+ Nxg7 44. Rg1 1-0

[Event "*** MasterClass Titled Tuesday Blitz"]
[Site "Chess.com"]
[Date "2017.07.04"]
[Round "5"]
[White "KNVB"]
[Black "TregubovP"]
[Result "1-0"]
[WhiteElo "2483"]
[BlackElo "2402"]
[TimeControl "180+2"]
[EndTime "14:07:43 PDT"]
[Termination "KNVB won by resignation"]

1. d4 Nf6 2. Nf3 c5 3. c3 d5 4. Bf4 Nc6 5. e3 Qb6 6. Qc2 Bf5 7.
dxc5 Bxc2 8. cxb6 axb6 9. Na3 Bf5 10. Nb5 Kd7 11. Ne5+ Nxe5 12. Bxe5 e6 13. f3 Bc5 14. Kd2 Rhc8 15. g4 Bg6 16. h4 h5 17. g5 Ne8 18.
Bh3 f6 19. gxf6 gxf6 20. Rhg1 Bf5 21. Bxf5 fxe5 22. Bh3 Rc6 23. Rg5 Nc7 24. Nxc7 Kxc7 25. Rxe5 Rg8 26. Rxe6 Rxe6 27. Bxe6 Rg2+ 28. Kd3 Kd6 29.
Bf7 Rxb2 30. Bxh5 Rh2 31. Bg4 Rxh4 32. Rd1 Rh2 33. Rd2 Rh1 34. c4 Bb4 35. Rb2 Bc5 36. cxd5 Kxd5 37. f4 Re1 38. Bf3+ Kd6 39. Re2 Rd1+ 40.
Ke4 Ke6 41. Bg4+ Kf6 42. Bc8 Rd8 43. Bxb7 Rd7 44. Bd5 Ra7 45. Bb3 Re7+ 46. Kf3 Rh7 47.
e4 Rh3+ 48. Kg4 Rc3 49. e5+ Ke7 50. f5 Bd4 51. f6+ Kf8 52. Re4 Rd3 53. Kf5 Bc3 54. Rg4 Rf3+ 55. Ke4 1-0

[Event "*** MasterClass Titled Tuesday Blitz"]
[Site "Chess.com"]
[Date "2017.07.04"]
[Round "5"]
[White "Ez_Chess2016"]
[Black "1lec"]
[Result "0-1"]
[WhiteElo "1971"]
[BlackElo "2089"]
[TimeControl "180+2"]
[EndTime "14:07:48 PDT"]
[Termination "1lec won by resignation"]

1. e4 c6 2. d4 d5 3. e5 Bf5 4. Nc3 e6 5. Bd3 Bxd3 6. Qxd3 c5 7. Nge2 Nc6 8. O-O cxd4 9. Nxd4 Nxe5 10. Qg3 Nc6 11.
Ndb5 Rc8 12. Bg5 Nf6 13. Rfe1 a6 14. Bxf6 Qxf6 15. Nxd5 Qxb2 16. Ndc7+ Ke7 17. Qd6+ Kf6 18. Nd5+ Kg6 19. Qg3+ Kh6 20. Qh4+ Kg6 21. Nf4+ Kf5 22. Rad1 g5 23. Qh3+ Kf6 24. Nh5+ Ke7 25. Nd6 Rd8 26. Nf5+ Ke8 27. Nf6+ Qxf6 28. Rxd8+ Kxd8 29. Rd1+ Kc8 30. Ne3 Bc5 31. Qg3 Bxe3 32. Qxe3 Rd8 33. Rxd8+ Qxd8 34. h3 Qd1+ 35. Kh2 Qd6+ 36. g3 Qe5 37. Qa3 Qf6 38. Qf8+ Kc7 39. c4 Qxf2+ 40. Kh1 Qf1+ 41. Kh2 Qf2+ 42. Kh1 Qf6 43. c5 Qe7 44. Qg7 f5 45. Qc3 Qd7 46. Kh2 h5 47. h4 gxh4 48. gxh4 Qd4 49. Qb3 Qxc5 50. Qxe6 Qe5+ 51. Qxe5+ Nxe5 0-1

[Event "*** MasterClass Titled Tuesday Blitz"]
[Site "Chess.com"]
[Date "2017.07.04"]
[Round "5"]
[White "Lord_Neezy"]
[Black "Rokis13"]
[Result "1-0"]
[WhiteElo "2173"]
[BlackElo "2333"]
[TimeControl "180+2"]
[EndTime "14:07:54 PDT"]
[Termination "Lord_Neezy won by resignation"]

1. d4 Nf6 2. Bf4 d6 3. e3 g6 4.
h3 Bg7 5. Nf3 O-O 6. Be2 Nbd7 7.
O-O b6 8. Bh2 Bb7 9. a4 a5 10.
c3 Re8 11. Nfd2 e5 12. c4 Qe7 13. Bf3 e4 14. Be2 c5 15. d5 Ne5 16. Qc2 Ned7 17.
Nc3 Ba6 18. Rae1 h5 19. f3 exf3 20. Bxf3 Ne5 21. b3 Bc8 22. Nb5 Qd8 23. Bf4 Ba6 24.
Nc3 Qd7 25. Nde4 Nxf3+ 26. Rxf3 Nxe4 27. Nxe4 Qf5 28. Bxd6 Qxe4 29. Qf2 f5 30. Bc7 Qd3 31. e4 Bd4 32. Rxd3 Bxf2+ 33. Kxf2 fxe4 34. Rde3 Bc8 35.
Rxe4 Rf8+ 36. Ke2 Bf5 37. Re7 Bc2 38. Be5 Rf7 39. Rxf7 Kxf7 40. Rf1+ Ke8 41. Rf3 Kd7 42. Kd2 Bf5 43. g4 hxg4 44. hxg4 Bxg4 45. Rf7+ Ke8 46.
Rf6 Bf5 47. Rxb6 Ra7 48. Bd6 Rh7 49. Bxc5 Rh2+ 50. Ke3 Kf7 51. Rb7+ Kf6 52. Be7+ Ke5 53. d6 Rh3+ 54. Kd2 Rd3+ 55. Ke2 Rd4 56. c5 Bg4+ 57. Kf2 Kf4 58. Bf8 Rd2+ 59. Kf1 Kf3 60. Rf7+ Bf5 61. Ke1 Rh2 62. d7 Ke3 63. Re7+ Be4 64. Rxe4+ Kxe4 65. d8=Q Rh1+ 66. Kd2 Rh2+ 67. Kc3 1-0